 Dungeon Crawl Stone Soup version 0.18-a0-1788-g92de1ac (webtiles) character file.

835 MrRokkomies the Caller (level 7, -5/45 HPs)
             Began as an Octopode Summoner on Apr 21, 2016.
             Slain by an orc warrior
             ... wielding a +0 halberd
              (14 damage)
             ... on level 6 of the Dungeon.
             The game lasted 00:19:04 (5551 turns).

MrRokkomies the Caller (Octopode Summoner)          Turns: 5551, Time: 00:19:04

Health: -5/45      AC:  3    Str:  8    XL:     7   Next: 99%
Magic:  3/10       EV: 13    Int: 19    God:
Gold:   299        SH:  4    Dex: 12    Spells: 3 memorised, 1 level left

rFire  . . .     SeeInvis .     o - +0 blowgun
rCold  . . .     Gourm    .     B - +0 buckler
rNeg   + . .     Faith    +     (helmet restricted)
rPois  .         Spirit   .     f - amulet of faith
rElec  .         Dismiss  .     j - ring of flight
rCorr  .         Reflect  .     m - ring of positive energy
SustAt .         Harm     .     (no ring)
MR     .....                    (no ring)
Stlth  +++.......               (no ring)
                                (no ring)
                                (no ring)
                                (no ring)

@: very slightly contaminated, not resistant to hostile enchantments, fairly
stealthy
A: almost no armour, amphibious, 8 rings, constrict 8, slimy green scales 1,
camouflage 1, gelatinous body 1, evolution 1, no device heal 1
a: Evoke Flight


You were on level 6 of the Dungeon.
You were not hungry.

You visited 1 branch of the dungeon, and saw 6 of its levels.

You collected 299 gold pieces.

Inventory:

Hand Weapons
 a - a +1 trident
 b - a +0 hunting sling
 o - a +0 blowgun (weapon)
Missiles
 g - 16 poisoned needles (quivered)
 k - 58 sling bullets
 n - 6 javelins of penetration
 u - 5 tomahawks
Armour
 B - a +0 buckler (worn)
Jewellery
 f - an amulet of faith (around mantle)
 j - a ring of flight (left tentacle)
 m - a ring of positive energy (right tentacle)
Wands
 p - a wand of digging (22/24)
 r - a wand of paralysis (16/24)
Scrolls
 c - 3 scrolls of amnesia
 i - 5 scrolls of identify
 l - 3 scrolls of remove curse
Potions
 h - a potion of brilliance
 s - a potion of heal wounds {unknown}
 t - a potion of ambrosia {unknown}
 w - a potion of magic {unknown}
 x - a potion of haste {unknown}
 z - a potion of berserk rage {unknown}
 A - a potion of degeneration {unknown}
Books
 d - a book of Callings

   Spells                             Type                      Level
   a - Summon Small Mammal            Summoning                    1
   b - Call Imp                       Summoning                    2
   c - Call Canine Familiar           Summoning                    3
   d - Summon Guardian Golem          Hexes/Summoning              3
   e - Summon Lightning Spire         Summoning/Air                4
   f - Summon Ice Beast               Ice/Summoning                4
Comestibles
 e - 4 bread rations
 v - 3 fruits
 C - a beef jerky


   Skills:
 - Level 2.2 Fighting
 - Level 4.6 Polearms
 - Level 3.4 Dodging
 - Level 2.6 Stealth
 * Level 2.1 Shields
 - Level 2.0 Spellcasting
 * Level 5.2 Summonings
 - Level 4.0 Air Magic


You had one spell level left.
You knew the following spells:

 Your Spells              Type           Power        Failure   Level  Hunger
a - Call Canine Familiar  Summ           ###.....     10%         3    ###....
b - Call Imp              Summ           ###.....     4%          2    ###....
c - Summon Lightning Spi  Summ/Air       ###.....     34%         4    #####..


Dungeon Overview and Level Annotations

Branches:
Dungeon (6/15)
 Temple: D:4-7

Altars:
Elyvilon
Fedhas
Kikubaaqudgha
Qazlal
Ru

Annotations:
D:4 kuniqs's ghost, amateur DrIE


Innate Abilities, Weirdness & Mutations

You cannot wear most types of armour.
You are amphibious.
You can wear up to eight rings at the same time.
You can use your tentacles to constrict eight enemies at once.
Your skin changes colour to match your surroundings (Stealth).
Your rubbery body absorbs attacks (AC +1).
You are partially covered in slimy green scales (AC +2).
You evolve.
Potions and wands are less effective at restoring your health.


Message History

Aim: an orc warrior, wielding a halberd and wearing a chain mail (moderately wounded)
You shoot a poisoned needle.
The poisoned needle hits the orc warrior.
The orc warrior is moderately wounded.
The orc warrior hits you from afar with a halberd!
* * * LOW HITPOINT WARNING * * *
Drink which item? (? for menu, Esc to quit)
Okay, then.
Read which item? (? for menu, Esc to quit)
As you read the scroll labeled NOUPNI LAETZIA, it crumbles to dust.
It is a scroll of enchant weapon.
Enchant which weapon? (? for menu, Esc to quit)
Your +0 trident glows red for a moment.
Drink which item? (? for menu, Esc to quit)
It was a potion of mutation.
You feel extremely strange.
You feel nature experimenting on you.
Don't worry, failures die fast.
Slimy green scales grow over part of your body.
Your system partially rejects artificial healing.
The orc warrior hits you from afar with a halberd!
You die...

#########
#<.....@#
#####o###
....)(o8#
#########


You could see an orc warrior and an orc.

Vanquished Creatures
  Edmund (D:5)
  A centaur (D:5)
  A howler monkey (D:4)
  2 giant frog zombies (D:5)
  A crimson imp (D:5)
  2 orc priests
  2 hounds (D:4)
  2 orc wizards (D:4)
  A howler monkey skeleton (D:3)
  2 adders (D:3)
  An ooze (D:1)
  An adder zombie (D:5)
  An adder skeleton (D:4)
  4 worms
  2 giant geckos
  8 orcs
  6 giant cockroaches
  7 hobgoblins
  4 jackals
  A quokka (D:5)
  5 bats
  4 giant newts
  6 goblins
  6 kobolds
  A quokka skeleton (D:5)
  7 rats
79 creatures vanquished.

Vanquished Creatures (collateral kills)
  An ogre (D:5)
  A phantom (D:4)
  A scorpion (D:5)
  An orc priest (D:4)
  3 orc wizards
  An iguana (D:4)
  2 adders
  6 orcs
  3 jackals
  2 rats (D:1)
21 creatures vanquished.

Grand Total: 100 creatures vanquished

Notes
Turn   | Place    | Note
--------------------------------------------------------------
     0 | D:1      | MrRokkomies the Octopode Summoner began the quest for the Orb.
     0 | D:1      | Reached XP level 1. HP: 11/11 MP: 3/3
     1 | D:1      | Found a runed door.
   486 | D:1      | Reached skill level 1 in Fighting
   486 | D:1      | Reached XP level 2. HP: 17/18 MP: 5/5
   632 | D:1      | Learned a level 2 spell: Call Imp
  1006 | D:2      | Found a blossoming altar of Fedhas.
  1011 | D:2      | Found a stormy altar of Qazlal.
  1418 | D:2      | Reached XP level 3. HP: 23/23 MP: 6/6
  1423 | D:2      | Learned a level 3 spell: Call Canine Familiar
  2454 | D:3      | Reached skill level 5 in Summonings
  2454 | D:3      | Reached XP level 4. HP: 29/29 MP: 3/7
  2941 | D:3      | Found a white marble altar of Elyvilon.
  2943 | D:3      | Reached skill level 1 in Polearms
  2955 | D:3      | Reached XP level 5. HP: 18/34 MP: 8/8
  3746 | D:4      | Reached XP level 6. HP: 38/39 MP: 4/9
  3752 | D:4      | Learned a level 4 spell: Summon Lightning Spire
  3858 | D:4      | Noticed a phantom
  3875 | D:4      | Killed a phantom
  3875 | D:4      | Reached skill level 1 in Air Magic
  4016 | D:4      | Found a sacrificial altar of Ru.
  4453 | D:4      | Reached XP level 7. HP: 41/45 MP: 1/10
  4551 | D:4      | Noticed kuniqs's ghost (amateur DrIE)
  4557 | D:5      | Entered Level 5 of the Dungeon
  4557 | D:5      | Found an ancient bone altar of Kikubaaqudgha.
  4715 | D:5      | Noticed Edmund
  4724 | D:5      | Killed Edmund
  5110 | D:5      | Reached skill level 1 in Shields
  5551 | D:6      | Gained mutation: You evolve. [potion of mutation]
  5551 | D:6      | Gained mutation: You are partially covered in slimy green scales (AC +2). [potion of mutation]
  5551 | D:6      | Gained mutation: Potions and wands are less effective at restoring your health. [potion of mutation]
  5551 | D:6      | Slain by an orc warrior

Vault maps used:
D:1:      dpeg_arrival_caged_fury, corner_web_ring, minmay_door_square,
          hangedman_decor_clover_reticule
D:2:      grunt_temple_overflow_forces_of_nature
D:3:      elyvilon_altar_5
D:4:      nicolae_ru_great_annihilating_truth, minmay_misc_feat_cross
D:5:      overflow_temple_1_default, serial_glass, glass_columns_a,
          glass_columns_a, glass_columns_a, glass_columns_b, glass_columns_c,
          glass_columns_b, glass_columns_c, glass_columns_a, first_bread,
          uniq_edmund
D:6:      minmay_temple_entry_large_hall

Skill      XL: |  1  2  3  4  5  6  7 |
---------------+----------------------+-----
Fighting       | 1 2 |  2.2
Summonings     | 5 |  5.2
Polearms       | 1 2 3 4 |  4.6
Dodging        | 3 |  3.4
Air Magic      | 2 4 |  4.0
Shields        | 2 |  2.1
Stealth        | |  2.6
Spellcasting   | |  2.0

Action                   |  1- 3 |  4- 6 |  7- 9 || total
-------------------------+-------+-------+-------++-------
Melee: Short sword       |    80 |     8 |       ||    88
       Unarmed           |     6 |       |       ||     6
       Constrict         |    28 |    23 |    10 ||    61
       Tentacles         |    16 |     8 |     7 ||    31
       Rapier            |       |    14 |       ||    14
       Trident           |       |    81 |    53 ||   134
 Fire: Hunting sling     |     7 |       |       ||     7
       Blowgun           |       |     5 |     2 ||     7
 Cast: Call Imp          |     2 |     7 |     3 ||    12
       Call Canine Famil |     3 |     6 |     5 ||    14
       Summon Lightning  |       |     1 |     1 ||     2
  Use: Scroll            |     8 |     2 |     1 ||    11
       Potion            |       |     2 |     2 ||     4
 Stab: Sleeping          |     9 |     1 |       ||    10
       Invisible         |       |     2 |       ||     2
       Distracted        |       |     1 |     1 ||     2
       Paralysed         |       |     1 |       ||     1
  Eat: Chunk             |     4 |     5 |       ||     9
       Pizza             |     1 |       |       ||     1
       Meat ration       |       |     1 |     1 ||     2
Armor: Skin              |     4 |    26 |     6 ||    36
Dodge: Dodged            |    45 |    55 |    27 ||   127
Block: Buckler           |       |       |     2 ||     2
